 Dungeon Crawl Stone Soup version 0.22.1-2-g9c5b331 (webtiles) character file.

192 zeepkist the Cudgeler (level 5, -1/45 HPs)
             Began as a Minotaur Berserker on Nov 17, 2018.
             Was a Believer of Trog.
             Killed from afar by an orc wizard (8 damage)
             ... with a magic dart
             ... on level 3 of the Dungeon.
             The game lasted 00:08:50 (2126 turns).

zeepkist the Cudgeler (Minotaur Berserker)          Turns: 2126, Time: 00:08:51

Health: -1/45      AC:  6    Str: 22    XL:     5   Next: 42%
Magic:  4/4        EV: 10    Int:  4    God:    Trog [**....]
Gold:   38         SH:  0    Dex: 10    Spells: 4/4 levels left

rFire    . . .     SeeInvis .   a - +0 mace
rCold    . . .     Gourm    .   (no shield)
rNeg     . . .     Faith    .   n - +0 scale mail
rPois    .         Spirit   .   (helmet restricted)
rElec    .         Reflect  .   (no cloak)
rCorr    .         Harm     .   (no gloves)
MR       .....                  (no boots)
Stlth    ..........             (no amulet)
HPRegen  0.15/turn              (no ring)
MPRegen  0.09/turn              (no ring)

@: berserk cooldown, slowed, very slow
A: retaliatory headbutt, horns 2
a: Berserk, Trog's Hand, Renounce Religion


You were on level 3 of the Dungeon.
You worshipped Trog.
Trog was pleased with you.
You were not hungry.

You visited 1 branch of the dungeon, and saw 3 of its levels.

You collected 38 gold pieces.

Inventory:

Hand Weapons
 a - a +0 mace (weapon)
Missiles
 i - 46 stones (quivered)
Armour
 b - a +0 animal skin
 g - a +0 ring mail
 n - a +0 scale mail (worn)
Scrolls
 d - 2 scrolls of teleportation {unknown}
 f - a scroll of enchant weapon {unknown}
 h - a scroll of identify
 j - a scroll of immolation {unknown}
 k - a scroll of random uselessness {unknown}
 l - a scroll of noise {unknown}
Potions
 e - 2 potions of heal wounds
 m - a potion of resistance {unknown}
 o - a potion of mutation {unknown}
Comestibles
 c - 2 rations


   Skills:
 - Level 3.6 Fighting
 + Level 7.5 Maces & Flails
 - Level 2.4 Armour
 - Level 2.1 Dodging


You had 4 spell levels left.
You didn't know any spells.
Your spell library was empty.

Dungeon Overview and Level Annotations

Branches:
Dungeon (3/15)

Altars:


Innate Abilities, Weirdness & Mutations

You reflexively headbutt those who attack you in melee.
You have a pair of horns on your head.


Message History

You headbutt the orc wizard, but do no damage.
You hit something. Your headbutt misses something.
The orc wizard hits you but does no damage.
Something hits you but does no damage.
The orc wizard gestures wildly while chanting.
The orc wizard blinks!
You hear some strange, mumbled words.
A magic dart appears from out of thin air!
The magic dart hits you!
* * * LOW HITPOINT WARNING * * *
You hit something but do no damage.
You hear some strange, mumbled words.
A puff of flame appears from out of thin air!
The puff of flame hits you!
* * * LOW HITPOINT WARNING * * *
The orc wizard hits you but does no damage.
You hear some strange, mumbled words.
A magic dart appears from out of thin air!
The magic dart hits you!
You die...

### #########.#
########## #<........#
#........#
#########.###.@{.....#
#........#.'))o.....#
#.########.#........#
#.#........#(..[....#
#.#.########........#
#.#.# .........# #.#.#
##.....(..# #.#.#
..#......# #.#.#
.#.#.......


You could see an orc wizard.

Vanquished Creatures
  Natasha (thrice) (D:2)
  Terence (D:2)
  Robin (D:2)
  2 adders (D:2)
  An ooze (D:1)
  2 worms (D:2)
  A dart slug (D:1)
  3 leopard geckos
  3 orcs (D:3)
  2 ball pythons
  4 bats
  A giant cockroach (D:1)
  8 goblins
  5 hobgoblins
  7 frilled lizards
  9 kobolds
  2 rats (D:1)
55 creatures vanquished.

Notes
Turn   | Place    | Note
-------+----------+-------------------------------------------
     0 | D:1      | zeepkist the Minotaur Berserker began the quest for the
                  | Orb.
     0 | D:1      | Reached XP level 1. HP: 19/19 MP: 0/0
    34 | D:1      | Reached skill level 4 in Maces & Flails
    70 | D:1      | Reached XP level 2. HP: 23/26 MP: 1/1
   275 | D:1      | Reached skill level 5 in Maces & Flails
   705 | D:1      | Reached XP level 3. HP: 28/31 MP: 2/2
   924 | D:2      | Reached ** piety under Trog
  1146 | D:2      | Noticed Terence
  1152 | D:2      | Killed Terence
  1152 | D:2      | Reached skill level 6 in Maces & Flails
  1152 | D:2      | Reached XP level 4. HP: 39/39 MP: 3/3
  1194 | D:2      | Noticed Robin
  1229 | D:2      | Killed Robin
  1434 | D:2      | Found a faded altar of an unknown god.
  1449 | D:2      | Noticed Natasha
  1457 | D:2      | Killed Natasha
  1469 | D:2      | Noticed Natasha
  1476 | D:2      | Killed Natasha
  1476 | D:2      | Reached skill level 7 in Maces & Flails
  1476 | D:2      | Reached XP level 5. HP: 14/45 MP: 4/4
  1844 | D:2      | Noticed Natasha
  1849 | D:2      | Killed Natasha
  2126 | D:3      | Killed from afar by an orc wizard

Skill      XL: |  1  2  3  4 |
---------------+-------------+-----
Maces & Flails | 4 5 6 7 |  7.5
Fighting       | |  3.6
Armour         | |  2.4
Dodging        | |  2.1

Action                   |  1- 3 |  4- 6 || total
-------------------------+-------+-------++-------
Melee: Mace              |    46 |    58 ||   104
       Headbutt          |    12 |    10 ||    22
Invok: Berserk           |       |     2 ||     2
  Use: Scroll            |       |     1 ||     1
  Eat: Chunk             |       |     3 ||     3
       Ration            |       |     1 ||     1
Armor: Animal skin       |     4 |       ||     4
       Ring mail         |     7 |    16 ||    23
       Scale mail        |       |    32 ||    32
Dodge: Dodged            |    48 |    62 ||   110
